 Dungeon Crawl Stone Soup version 0.27-a0-1136-g0b992a5a9d (webtiles) character file.

Game seed: 1079018520635083935

396 porpoise the Magician (level 6, -2/47 HPs)
             Began as a Djinni Venom Mage on May 6, 2021.
             Slain by a bullfrog zombie (4 damage)
             ... on level 5 of the Dungeon.
             The game lasted 00:14:18 (4877 turns).

porpoise the Magician (Djinni Venom Mage)           Turns: 4877, Time: 00:14:18

Health: -2/47      AC:  2    Str:  7    XL:     6   Next: 82%
Gold:   111        EV: 12    Int: 19    God:
                   SH:  0    Dex: 13

rFire    + + .     SeeInvis .   a - +5 short sword
rCold    x . .     Faith    .   (no shield)
rNeg     . . .     Spirit   .   c - +0 robe
rPois    ∞         Reflect  .   (no helmet)
rElec    .         Harm     .   (no cloak)
rCorr    .         Rampage  .   (no gloves)
Will     .....                  (boots unavailable)
Stlth    ++........             (no amulet)
HPRegen  0.15/turn              (no ring)
MPRegen  0.00/turn              (no ring)

@: flying
A: sickness immunity, fire resistance 2, cold vulnerability 1, float, innate
caster, hp casting, extra vitality 1
a: no special abilities


You were on level 5 of the Dungeon.
You visited 1 branch of the dungeon, and saw 5 of its levels.

You collected 213 gold pieces.
You spent 102 gold pieces at shops.

Inventory:

Hand Weapons
 a - a +5 short sword (weapon)
 b - a +0 hunting sling
Missiles
 d - 4 datura-tipped darts (quivered)
 f - 105 stones
 q - 2 poisoned darts
 r - 10 sling bullets
Armour
 c - a +0 robe (worn)
 j - a +3 ring mail
 t - a +0 buckler
Jewellery
 g - an amulet of faith
Wands
 o - a wand of charming (8)
 u - a wand of flame (14)
Scrolls
 e - 4 scrolls of fear
 h - 2 scrolls of immolation
 i - a scroll of fog {unknown}
 l - a scroll of silence {unknown}
 m - 3 scrolls of teleportation
 n - a scroll of identify
 p - a scroll of enchant weapon {unknown}
 w - a scroll of blinking
 x - a scroll of vulnerability {unknown}
Potions
 k - a potion of curing
 s - a potion of heal wounds
 v - a potion of might
 z - a potion of haste


   Skills:
 + Level 4.0 Fighting
 - Level 2.1 Dodging
 - Level 1.5 Stealth
 + Level 2.8 Shields
 + Level 4.4 Spellcasting


You couldn't memorise any spells.
You knew the following spells:

 Your Spells              Type           Power      Damage    Failure   Level
a - Sting                 Tmut/Pois      84%        1d7       2%          1
i - Ignite Poison         Fire/Tmut/Pois 21%        N/A       6%          3
m - Mephitic Cloud        Conj/Pois/Air  21%        N/A       6%          3
o - Olgreb's Toxic Radia  Pois           21%        N/A       22%         4
s - Freeze                Ice            84%        1d10      2%          1
v - Poisonous Vapours     Pois/Air       42%        N/A       3%          2
w - Passwall              Tmut/Erth      17%        N/A       3%          2
Your spell library was empty.

Dungeon Overview and Level Annotations

Branches:
Dungeon (5/15)
 Temple: D:4-7

Altars:

Shops:
D:4 *

Portals:
Abyss: D:3

Annotations:
D:3 2 transporters, RealJoeEstevez's ghost, amateur VSAM


Innate Abilities, Weirdness & Mutations

You are immune to sickness and miasma.
You are immune to poison.
Your flesh is very heat resistant. (rF++)
You are vulnerable to cold. (rC-)
You float through the air rather than walking.
You learn spells naturally, not from books.
Your magical power is your life essence.
You have superior vitality. (+4 HP)


Message History

The bullfrog zombie is lightly damaged.
The bullfrog zombie hits you. x2
You barely miss the bullfrog zombie.
The bullfrog zombie is lightly damaged.
The bullfrog zombie hits you.
You barely miss the bullfrog zombie.
The bullfrog zombie is lightly damaged.
The bullfrog zombie barely misses you.
Casting: Freeze (safe; 2% risk of failure)
Confirm with . or Enter, or press ? or * to list all spells.
Aiming: Mephitic Cloud (dangerous; 6% risk of failure)
Press: ? - help, Shift-Dir - straight line, f - you, p - bullfrog zombie The ball explodes into a vile cloud!
The stinking cloud engulfs you but does no damage.
The stinking cloud engulfs the bullfrog zombie but does no damage.
The bullfrog zombie is lightly damaged.
The bullfrog zombie hits you. x2
Casting: Mephitic Cloud (dangerous; 6% risk of failure)
Confirm with . or Enter, or press ? or * to list all spells.
Aiming: Mephitic Cloud (dangerous; 6% risk of failure)
Press: ? - help, Shift-Dir - straight line, f - you The ball explodes into a vile cloud!
The stinking cloud engulfs you but does no damage.
The stinking cloud engulfs the bullfrog zombie but does no damage.
The bullfrog zombie is lightly damaged.
The bullfrog zombie hits you.
* * * LOW HITPOINT WARNING * * *
The bullfrog zombie barely misses you.
Casting: Mephitic Cloud (dangerous; 6% risk of failure)
Confirm with . or Enter, or press ? or * to list all spells.
You ignite the poison in your surroundings!
* * * LOW HITPOINT WARNING * * *
The bullfrog zombie is engulfed in blazing flames.
The bullfrog zombie hits you.
* * * LOW HITPOINT WARNING * * *
You hit the bullfrog zombie.
The bullfrog zombie is heavily damaged.
The bullfrog zombie is engulfed in blazing flames.
The bullfrog zombie hits you.
You die...

############
#(..Z@.....#
((.((..########.#
.###### #.# #.#
#.# #.## #..#
..##########.#
....[.....###.#


You could see a bullfrog zombie.

Vanquished Creatures
  An ogre (D:4)
  3 wights
  A jelly (D:5)
  A centaur skeleton (D:4)
  An iguana (D:5)
  Terence (D:2)
  An adder skeleton (D:4)
  2 worms (D:4)
  A dart slug (D:1)
  8 ball pythons
  5 endoplasms
  4 giant cockroaches
  6 goblins
  8 hobgoblins
  6 jackals
  4 kobolds
  2 quokkas (D:1)
  2 bats
  3 frilled lizards
  6 rats
66 creatures vanquished.

Notes
Turn   | Place    | Note
-------+----------+-------------------------------------------
     0 | D:1      | porpoise the Djinni Venom Mage began the quest for the Orb.
     0 | D:1      | Reached XP level 1. HP: 15/15 MP: 0/0
   277 | D:1      | Reached skill level 1 in Fighting
   277 | D:1      | Reached XP level 2. HP: 20/22 MP: 0/0
   871 | D:1      | Reached XP level 3. HP: 27/28 MP: 0/0
   871 | D:1      | Learned a level 1 spell: Freeze
   980 | D:1      | Found a faded altar of an unknown god.
  1950 | D:2      | Noticed Terence
  1953 | D:2      | Killed Terence
  1954 | D:2      | Reached XP level 4. HP: 30/34 MP: 0/0
  2285 | D:3      | Found a transporter.
  2359 | D:3      | Noticed a small abomination
  2360 | D:3      | Found a transporter.
  2368 | D:3      | Found a one-way gate to the infinite horrors of the Abyss.
  2368 | D:3      | Noticed RealJoeEstevez's ghost (amateur VSAM)
  2375 | D:3      | Noticed a kobold brigand
  2985 | D:4      | Found Musyi's Assorted Antiques.
  3056 | D:4      | Bought a scroll labelled SIUDAL IZYMP for 34 gold pieces
  3056 | D:4      | Bought a scroll labelled UMOCZO SAIRAPP for 34 gold pieces
  3056 | D:4      | Bought a scroll labelled JAIFIB PA MOL for 34 gold pieces
  3177 | D:4      | Reached skill level 1 in Shields
  3177 | D:4      | Reached XP level 5. HP: 33/40 MP: 0/0
  3177 | D:4      | Learned a level 2 spell: Passwall
  3235 | D:4      | Noticed an ogre
  3241 | D:4      | Killed an ogre
  3551 | D:3      | Reached XP level 6. HP: 9/46 MP: 0/0
  4490 | D:5      | Entered Level 5 of the Dungeon
  4876 | D:5      | HP: 2/47 [bullfrog zombie (5)]
  4877 | D:5      | Slain by a bullfrog zombie

Illustrated notes

Levels and vault maps discovered:
D:1:      wander_arrival_desolate, layout_basic,
          hellmonk_ecumenical_altar_blasted, chequers_arboretum
D:2:      layout_loops_ring, kennysheep_generic_room_6, uniq_terence
D:3:      layout_basic, gammafunk_ghost_abyssal_escape
D:4:      layout_rooms, serial_shops, shop_fountains
D:5:      layout_loops_ring, minmay_temple_entry_steel_oval

Skill      XL: |  1  2  3  4  5  6 |
---------------+-------------------+-----
Fighting       | 1 2 3 4 |  4.0
Spellcasting   | 3 4 |  4.4
Shields        | 1 2 |  2.8
Dodging        | |  2.1
Stealth        | |  1.5

Action                   |  1- 3 |  4- 6 || total
-------------------------+-------+-------++-------
Melee: Whip              |     8 |       ||     8
       Short sword       |     2 |     9 ||    11
       Spear             |       |     4 ||     4
 Fire: Hunting sling     |     4 |    62 ||    66
Throw: Dart              |       |     2 ||     2
 Cast: Sting             |    46 |     6 ||    52
       Freeze            |     2 |     9 ||    11
       Poisonous Vapours |     2 |     5 ||     7
       Ignite Poison     |       |     7 ||     7
       Mephitic Cloud    |       |     5 ||     5
  Use: Scroll            |       |     6 ||     6
Armor: Robe              |     2 |     3 ||     5
Dodge: Dodged            |     6 |    27 ||    33

Table legend: (Time is in decaauts)
 A = Elapsed time spent in this place.
 B = Non-inter-level travel time spent in this place.
 C = Inter-level travel time spent in this place.
 D = Time resting spent in this place.
 E = Time spent auto-exploring this place.
 F = Levels seen in this place.
 G = Mean time per level.
                   A        B        C        D        E       F      G
               +--------+--------+--------+--------+--------+-----+--------+
         Total |   4886 |   4738 |    148 |   1992 |   1924 |   5 |  977.2 |
       Dungeon |   4886 |   4738 |    148 |   1992 |   1924 |   5 |  977.2 |
               +--------+--------+--------+--------+--------+-----+--------+

Top non-repeatable levels by time:
     D:1: 1326 daAuts
     D:4: 1177 daAuts
     D:3: 1089 daAuts
     D:2: 915 daAuts
     D:5: 378 daAuts
